 Dungeon Sprint DCSS version 0.31-a0-18-gea43df2a32 (webtiles) character file.

Game seed: 1430723315318410470

23710 bmack86 the Executioner (level 12, -6/207 HPs)
             Began as a Minotaur Berserker on May 12, 2023.
             Was an Elder of Trog.
             Mangled by Lom Lobon (13 damage)
             ... in the Dungeon (Sprint I: "Red Sonja").
             The game lasted 00:31:31 (2511 turns).

bmack86 the Executioner (Minotaur Berserker)        Turns: 2511, Time: 00:31:31

Health: -6/207     AC: 29    Str: 27    XL:     12   Next: 74%
Magic:  3/3        EV:  9    Int:  5    God:    Trog [****..]
Gold:   2833       SH:  9    Dex: 11    Spells: 11/11 levels left

rFire   . . .        n - +4 battleaxe (antimagic)
rCold   + . .        (shield currently unavailable)
rNeg    . . .        s - +3 plate armour {rPois}
rPois   +            (helmet restricted)
rElec   .            w - +2 cloak {Will+}
rCorr   .            y - +1 pair of gloves
SInv    +            x - +0 pair of boots
Will    +....        m - amulet "Wilietath" {Reflect Regen+ MP-9 Dex+3 SH+5} Stlth
                     A - ring "Ikkuq" {rC+ MP+9 Int+3 SInv}
HPRegen 1.34/turn    l - +4 ring of protection
MPRegen 0.08/turn

%: no teleportation, reflection
@: berserking, lethally poisoned (-6 -> -18), frozen, flying (expiring), slowed,
unable to drink, very slow
A: horns 2, retaliatory headbutt, large bone plates 1, clumsy 1, deformed body,
dopey 1, inability to drink after injury 2
a: Renounce Religion, Berserk, Trog's Hand, Brothers in Arms


You were in the Dungeon.
You worshipped Trog.
Trog was greatly pleased with you.
You visited 1 branch You collected 5633 gold pieces.
You spent 2800 gold pieces at shops.

Inventory:

Hand Weapons
 b - the +10 executioner's axe of Eternal Harmony {flame, Will+ rCorr Int-4}
   (Trog gifted it to you in the Dungeon)

   Int:       It affects your intelligence (-4).
   rCorr:     It protects you from acid and corrosion.
   Will:      It increases your willpower.
 n - a +4 antimagic battleaxe (weapon)
 v - a +4 battleaxe of flaming
Missiles
 q - 10 curare-tipped darts
Armour
 s - a +3 plate armour of poison resistance (worn)
 w - a +2 cloak of willpower (worn)
 x - a +0 pair of boots (worn)
 y - a +1 pair of gloves (worn)
Jewellery
 l - a +4 ring of protection (right hand)
 m - the amulet "Wilietath" (around neck) {Reflect Regen+ MP-9 Dex+3 SH+5}
   (You bought it in a shop in the Dungeon)

   [amulet of reflection]

   It reflects blocked missile attacks.
   Dex:       It affects your dexterity (+3).
   MP:        It affects your magic capacity (-9).
   Regen:     It increases your rate of health regeneration.
   SH:        It affects your SH (+5).
 t - a +6 ring of intelligence
 A - the ring "Ikkuq" (left hand) {rC+ MP+9 Int+3 SInv}
   (You found it in the Dungeon)

   [ring of see invisible]

   Int:       It affects your intelligence (+3).
   rC:        It protects you from cold.
   MP:        It affects your magic capacity (+9).
   SInv:      It lets you see invisible.
Wands
 i - a wand of paralysis (7)
 D - a wand of polymorph (10)
 E - a wand of iceblast (1) (quivered)
Scrolls
 a - 2 scrolls of silence
 h - 2 scrolls of blinking
 j - a scroll of immolation
 k - a scroll of fear
 o - a scroll of brand weapon
 u - a scroll of magic mapping
 z - a scroll of vulnerability
Potions
 c - 6 potions of curing
 d - 2 potions of heal wounds
 e - 2 potions of haste
 f - 2 potions of magic
 g - 2 potions of berserk rage
 B - 2 potions of might
 G - a potion of cancellation
Miscellaneous
 p - a box of beasts
 r - a piece from Xom's chessboard (15/15)


   Skills:
 * Level 22.2 Fighting
 - Level 24.0 Axes
 + Level 20.1 Armour
 - Level 2.1 Dodging
 - Level 8.0 Evocations


You had 11 spell levels left.
You didn't know any spells.
Your spell library was empty.

Dungeon Overview and Level Annotations

Branches:
Dungeon (1/1)

Altars:
Cheibriados
Dithmenos
Elyvilon
Fedhas
Gozag
Hepliaklqana
Kikubaaqudgha
Makhleb
Nemelex Xobeh
Okawaru
Qazlal
Ru
Sif Muna
Trog
Uskayaw
Vehumet
Wu Jian
Xom
Yredelemnul
Zin
The Shining One
Jiyva
Lugonu

Shops:
D ?:(=:*(:=*[[?(=:[[[[*!

Annotations:
D Lom Lobon


Innate Abilities, Weirdness & Mutations

You have a pair of horns on your head.
You reflexively headbutt those who attack you in melee.
You are partially covered in large bone plates. (SH +4)
You are clumsy. (Dex -2)
Armour fits poorly on your strangely shaped body.
You are dopey. (Int -2)
You sometimes lose the ability to drink potions when taking damage.


Message History

Really blink into a travel-excluded area?
As you read the scroll of blinking, it crumbles to dust.
You are engulfed in dark miasma.
You feel yourself slow down.
Lom Lobon gestures.
Lom Lobon blinks!
You are engulfed in dark miasma.
The ice encasing you melts away. Lom Lobon barely misses you.
You furiously retaliate!
You headbutt Lom Lobon.
Lom Lobon gestures.
A freezing vortex appears around Lom Lobon!
You closely miss Lom Lobon.
Lom Lobon is lightly wounded.
You are engulfed in dark miasma.
You are poisoned.
You feel very sick. The freezing vortex lifts you up.
You fly up into the air.
You feel threatened and lose the ability to drink potions!
You block Lom Lobon's attack.
A red film seems to cover your vision as you go berserk!
You feel yourself moving faster!
You feel mighty!
You are engulfed in freezing vapours.
You resist.
You can drink potions again.
You feel very sick.
You feel threatened and lose the ability to drink potions!
The ogre shaped block of ice is destroyed!
Lom Lobon gestures at you.
Lom Lobon conjures a mighty blast of ice!
The great icy blast engulfs you!!! You partially resist.
* * * LOW HITPOINT WARNING * * *
You are encased in ice.
You hit Lom Lobon.
Lom Lobon's magic leaks into the air.
Lom Lobon is lightly wounded.
You are engulfed in dark miasma.
You are more poisoned.
You feel as though you will be slow longer.
* * * LOW HITPOINT WARNING * * *
You feel very sick.
Lom Lobon's magic is no longer disrupted.
* * * LOW HITPOINT WARNING * * *
Lom Lobon hits you!
You die...

#§#####...###,,,,*,#~~~##........
'.#,,,#####,,,####.#~~~~##.).)[.#
###,,,,,,,,,###○○^^#~~~~~########
*,,,,,,,#####○§§§####~~~~#~~~~~#☼
*,,,,,,##.○○○○○○°#..#+~~~'~°.○~○○
*,,,,,*#..○°°°°○°#...##~~#~~~~°#°
*,,,,,*.°.§§°°°°§#....######'####
**********#°§§§§°#....#~~≈≈≈≈≈≈≈≈
*~~~~~~~~,#°°§°&@#######~~~~≈≈≈≈≈
**********#§§§☼§§§|°#:|'...~~~~)~
*,,,,,+^..°§§○○§§#○°§☼)#........~
*******##########################


You could see Lom Lobon (vortex).

Vanquished Creatures
  the Lernaean hydra (D)
  A golden dragon (D)
  A deep elf master archer (D)
  A shadow dragon (D)
  A deep elf annihilator (D)
  A lorocyproca (D)
  A mummy priest (D)
  2 centaur warriors (D)
  A hydra (D)
  Sonja (D)
  A deep troll (D)
  2 oklob plants (D)
  2 shining eyes (D)
  2 merfolk sirens (D)
  2 kobold demonologists (D)
  A gargoyle (D)
  2 unseen horrors (D)
  5 hornets (D)
  A hellwing (D)
  A slime creature (D)
  Sigmund (D)
  A yak (D)
  13 hogs (D)
  2 redbacks (D)
  5 floating eyes (D)
  An ogre (D)
  3 necrophages (D)
  6 jellies (D)
  Ijyb (D)
63 creatures vanquished.

Vanquished Creatures (collateral kills)
  A lindwurm (D)
  6 shining eyes (D)
  4 demonic crawlers (D)
  2 floating eyes (D)
  4 necrophages (D)
  2 jellies (D)
19 creatures vanquished.

Vanquished Creatures (others)
  A gargoyle (D)
  2 ballistomycete spores (D)
3 creatures vanquished.

Grand Total: 85 creatures vanquished

Notes
Turn   | Place    | Note
-------+----------+-------------------------------------------
     0 | D        | bmack86 the Minotaur Berserker began the quest for the Orb.
     0 | D        | Reached XP level 1. HP: 19/19 MP: 0/0
     3 | D        | Noticed Ijyb
    11 | D        | Killed Ijyb
    12 | D        | Reached skill level 5 in Fighting
    12 | D        | Reached skill level 6 in Axes
    12 | D        | Reached XP level 2. HP: 29/29 MP: 1/1
    34 | D        | Noticed an ogre
    38 | D        | Killed an ogre
    39 | D        | Reached skill level 8 in Axes
    39 | D        | Reached XP level 3. HP: 15/38 MP: 2/2
    39 | D        | Reached XP level 4. HP: 18/45 MP: 3/3
   155 | D        | Noticed Sigmund
   165 | D        | Killed Sigmund
   165 | D        | Reached ** piety under Trog
   166 | D        | Reached skill level 11 in Axes
   166 | D        | Reached XP level 5. HP: 40/53 MP: 4/4
   166 | D        | Reached XP level 6. HP: 47/61 MP: 5/5
   213 | D        | Found a burning altar of Makhleb.
   213 | D        | Found a viscous altar of Jiyva.
   213 | D        | Found a shimmering altar of Xom.
   213 | D        | Found a corrupted altar of Lugonu.
   213 | D        | Noticed a slime creature
   217 | D        | Killed a slime creature
   218 | D        | Reached skill level 12 in Axes
   268 | D        | Found an ornate altar of the Wu Jian Council.
   268 | D        | Found a shimmering blue altar of Sif Muna.
   270 | D        | Found a radiant altar of Vehumet.
   303 | D        | Found Tosmevodd's Jewellery Emporium.
   303 | D        | Found an ancient bone altar of Kikubaaqudgha.
   303 | D        | Found a hazy altar of Hepliaklqana.
   303 | D        | Found a stormy altar of Qazlal.
   303 | D        | Found a hide-covered altar of Uskayaw.
   303 | D        | Found a blossoming altar of Fedhas.
   303 | D        | Found a bloodstained altar of Trog.
   303 | D        | Found an iron altar of Okawaru.
   303 | D        | Found a basalt altar of Yredelemnul.
   303 | D        | Found a glowing golden altar of the Shining One.
   303 | D        | Found a snail-covered altar of Cheibriados.
   303 | D        | Found a sacrificial altar of Ru.
   303 | D        | Found a glowing silver altar of Zin.
   303 | D        | Found a shadowy altar of Dithmenos.
   303 | D        | Found a white marble altar of Elyvilon.
   303 | D        | Noticed a yak
   310 | D        | Killed a yak
   311 | D        | Reached skill level 10 in Fighting
   311 | D        | Reached skill level 13 in Axes
   311 | D        | Reached XP level 7. HP: 62/72 MP: 6/6
   311 | D        | Found an opulent altar of Gozag.
   312 | D        | Found a sparkling altar of Nemelex Xobeh.
   316 | D        | Bought the amulet "Wilietath" {Reflect Regen+ MP-9 Dex+3
                  | SH+5} for 360 gold pieces
   365 | D        | Noticed Sonja
   365 | D        | Paralysed by Sonja for 3 turns
   373 | D        | Killed Sonja
   373 | D        | Reached *** piety under Trog
   374 | D        | Reached skill level 15 in Axes
   374 | D        | Reached XP level 8. HP: 82/82 MP: 0/7
   388 | D        | Found Buoff's Magic Scroll Boutique.
   396 | D        | Bought a scroll of identify for 26 gold pieces
   450 | D        | Noticed a deep troll
   457 | D        | Killed a deep troll
   458 | D        | Reached skill level 16 in Axes
   468 | D        | Found Ijuofu Coxt's Armour Emporium.
   475 | D        | Bought a +3 plate armour of poison resistance for 420 gold
                  | pieces
   501 | D        | Gained mutation: You occasionally lose the ability to drink
                  | potions when taking damage. [potion of mutation]
   501 | D        | Gained mutation: A frigid envelope surrounds you and
                  | freezes all who hurt you. [potion of mutation]
   504 | D        | Noticed a centaur warrior
   505 | D        | Noticed a centaur warrior
   515 | D        | Killed a centaur warrior
   516 | D        | Reached skill level 17 in Axes
   516 | D        | Reached XP level 9. HP: 92/92 MP: 0/8
   522 | D        | Killed a centaur warrior
   523 | D        | Reached skill level 18 in Axes
   537 | D        | Reached **** piety under Trog
   557 | D        | Noticed an oklob plant
   566 | D        | Killed an oklob plant
   633 | D        | Reached skill level 5 in Evocations
   660 | D        | Paralysed by a floating eye for 2 turns
   669 | D        | Reached XP level 10. HP: 103/103 MP: 0/9
   672 | D        | Reached skill level 19 in Axes
   672 | D        | Reached ***** piety under Trog
   682 | D        | Received a gift from Trog
   712 | D        | Found Icyepac's Book Shoppe.
   712 | D        | Found Sael's Antique Weapon Shop.
   712 | D        | Found Xoseynn's Jewellery Boutique.
   714 | D        | Found Saugietu's Assorted Antiques.
   714 | D        | Found Ammejapt's Antique Armour Shop.
   714 | D        | Found Maxty's Antique Armour Shoppe.
   714 | D        | Found Taezuinu's Magic Scroll Boutique.
   714 | D        | Found Lyss's Antique Weapon Emporium.
   714 | D        | Found Roffamui's Jewellery Shop.
   714 | D        | Found Ximpavos's Book Shoppe.
   718 | D        | Found Xuckusa's Armour Boutique.
   719 | D        | Found Difufy's Antique Armour Emporium.
   719 | D        | Found Wistash Nagu's Antique Armour Boutique.
   720 | D        | Found Tuch's General Store.
   729 | D        | Bought a +2 cloak of willpower for 236 gold pieces
   741 | D        | Bought a pair of boots for 99 gold pieces
   741 | D        | Bought a pair of runed gloves for 165 gold pieces
   890 | D        | Noticed an orange demon
   891 | D        | Paralysed by a floating eye for 2 turns
   897 | D        | Reached ****** piety under Trog
   898 | D        | Reached skill level 20 in Axes
   943 | D        | Killed a gargoyle
   951 | D        | Noticed a demonic crawler
   951 | D        | Noticed a demonic crawler
   951 | D        | Noticed a demonic crawler
   951 | D        | Noticed a demonic crawler
   952 | D        | Killed a demonic crawler
   953 | D        | Killed a demonic crawler
   954 | D        | Reached skill level 15 in Fighting
   955 | D        | Killed a demonic crawler
   959 | D        | Killed a demonic crawler
   960 | D        | Reached skill level 15 in Armour
   980 | D        | Noticed a lindwurm
   982 | D        | Killed a lindwurm
   994 | D        | Reached skill level 21 in Axes
   997 | D        | Received a gift from Trog
   998 | D        | Reached XP level 11. HP: 113/113 MP: 0/10
  1022 | D        | Received a gift from Trog
  1041 | D        | Noticed a 12-headed hydra
  1042 | D        | Killed an 11-headed hydra
  1045 | D        | Reached skill level 22 in Axes
  1125 | D        | Noticed a shadow dragon
  1125 | D        | Noticed a golden dragon
  1134 | D        | Killed a shadow dragon
  1140 | D        | Killed a golden dragon
  1141 | D        | Reached skill level 23 in Axes
  1203 | D        | Found Peeleur's Distillery.
  1222 | D        | Bought a potion of heal wounds for 70 gold pieces
  1222 | D        | Bought a potion of haste for 140 gold pieces
  1222 | D        | Bought a potion of cancellation for 112 gold pieces
  1222 | D        | Bought a potion of curing for 42 gold pieces
  1263 | D        | Noticed a deep elf annihilator
  1274 | D        | Received a gift from Trog
  1276 | D        | Noticed a mummy priest
  1280 | D        | Killed a deep elf annihilator
  1281 | D        | Reached skill level 24 in Axes
  1381 | D        | Killed a lorocyproca
  1382 | D        | Reached XP level 12. HP: 44/128 MP: 0/11
  1674 | D        | Bought a scroll of identify for 26 gold pieces
  1674 | D        | Bought a scroll of identify for 26 gold pieces
  1676 | D        | Bought a scroll of silence for 123 gold pieces
  1683 | D        | Identified the +10 executioner's axe of Eternal Harmony
                  | {flame, Will+ rCorr Int-4} (Trog gifted it to you in the
                  | Dungeon)
  1683 | D        | Received a gift from Trog
  1684 | D        | Paralysed by a floating eye for 3 turns
  1685 | D        | Gained mutation: Armour fits poorly on your strangely
                  | shaped body. [a shining eye]
  1692 | D        | Gained mutation: You sometimes lose the ability to drink
                  | potions when taking damage. [a shining eye]
  1693 | D        | Gained mutation: You are dopey. (Int -2) [a shining eye]
  1693 | D        | Gained mutation: You sometimes lose your temper in combat.
                  | [a shining eye]
  1694 | D        | Gained mutation: You are clumsy. (Dex -2) [a shining eye]
  1694 | D        | Gained mutation: Your spells are a little easier to cast,
                  | but a little less powerful. [a shining eye]
  1704 | D        | Found Sorghy's Book Shoppe.
  1704 | D        | Found Gibreg's General Store.
  1704 | D        | Found Juasaat's Weapon Emporium.
  1705 | D        | Found Cyonux's Book Shop.
  1711 | D        | Bought a scroll of identify for 24 gold pieces
  1711 | D        | Bought a scroll of identify for 24 gold pieces
  1781 | D        | Bought a scroll labelled COIXUH UV SAENIED for 20 gold
                  | pieces
  1781 | D        | Bought a scroll labelled NEPHOA KYITEI for 20 gold pieces
  1781 | D        | Bought a scroll of silence for 190 gold pieces
  1782 | D        | Bought a +6 ring of intelligence for 432 gold pieces
  1788 | D        | Bought a scroll of identify for 22 gold pieces
  1788 | D        | Bought a scroll of identify for 22 gold pieces
  1795 | D        | Bought a potion of curing for 33 gold pieces
  1905 | D        | Bought a potion of might for 56 gold pieces
  1905 | D        | Bought a potion of mutation for 112 gold pieces
  1905 | D        | Lost mutation: A frigid envelope surrounds you and freezes
                  | all who hurt you. [potion of mutation]
  1905 | D        | Lost mutation: You sometimes lose your temper in combat.
                  | [potion of mutation]
  1905 | D        | Gained mutation: You are partially covered in large bone
                  | plates. (SH +4) [potion of mutation]
  1905 | D        | Lost mutation: Your spells are a little easier to cast, but
                  | a little less powerful. [potion of mutation]
  1951 | D        | Received a gift from Trog
  1954 | D        | Killed a mummy priest
  2025 | D        | Noticed the 27-headed Lernaean hydra
  2031 | D        | Killed the 26-headed Lernaean hydra
  2186 | D        | Identified the ring "Ikkuq" {rC+ MP+9 Int+3 SInv}
  2274 | D        | Identified the ring "Pub Atusm" {rF+ rC+ Int+2 Dex+6}
  2274 | D        | Noticed a deep elf master archer
  2378 | D        | Killed a deep elf master archer
  2388 | D        | Identified the staff of poison "Gesus" {rPois rN+ Will++
                  | MP+9 Str-2}
  2506 | D        | Noticed Lom Lobon
  2511 | D        | HP: 7/207 [Lom Lobon/vortex (17)]
  2511 | D        | Mangled by Lom Lobon

Illustrated notes

Levels and vault maps discovered:
D:        dungeon_sprint_1 [red_sonja_temple_1, red_sonja_temple_small_1]

Skill      XL: |  1  2  3  4  5  6  7  8  9 10 11 12 |
---------------+-------------------------------------+-----
Fighting       | 5 6 8 10 11 12 14 15 18 22 | 22.2
Axes           | 6 8 11 13 15 17 18 21 24 | 24.0
Armour         | 4 6 7 9 11 12 13 15 18 20 | 20.1
Evocations     | 2 5 7 8 |  8.0
Dodging        | |  2.1

Action                     |  1- 3 |  4- 6 |  7- 9 | 10-12 || total
---------------------------+-------+-------+-------+-------++-------
  Melee: Hand axe          |    10 |     8 |       |       ||    18
         Headbutt          |       |     2 |     9 |    13 ||    24
         Halberd           |       |    12 |     7 |       ||    19
         War axe           |       |       |    26 |     3 ||    29
         Battleaxe         |       |       |       |    82 ||    82
         Executioner's axe |       |       |       |     2 ||     2
 Invoke: Berserk           |     2 |     2 |     4 |     6 ||    14
         Brothers in Arms  |       |       |     1 |     9 ||    10
  Evoke: Wand              |       |       |     4 |     7 ||    11
    Use: Scroll            |       |       |     1 |    11 ||    12
         Potion            |       |       |     1 |     2 ||     3
   Stab: Paralysed         |       |       |    10 |       ||    10
 Armour: Ring mail         |       |     3 |     1 |       ||     4
         Plate armour      |       |       |     3 |   190 ||   193
  Dodge: Dodged            |     3 |     7 |     6 |    36 ||    52
  Block: Other             |       |       |     2 |    24 ||    26
         Reflection        |       |       |       |     4 ||     4

Table legend: (Time is in decaauts)
 A = Elapsed time spent in this place.
 B = Non-inter-level travel time spent in this place.
 C = Inter-level travel time spent in this place.
 D = Time resting spent in this place.
 E = Time spent auto-exploring this place.
 F = Levels seen in this place.
 G = Mean time per level.
                   A        B        C        D        E       F      G
               +--------+--------+--------+--------+--------+-----+--------+
         Total |   2621 |   2564 |     57 |    794 |      0 |   1 | 2621.0 |
       Dungeon |   2621 |   2564 |     57 |    794 |      0 |   1 | 2621.0 |
               +--------+--------+--------+--------+--------+-----+--------+

Top non-repeatable levels by time:
       D: 2621 daAuts
